| TOP OF THE 1ST |
|
Auburn Doubledays batting - Pitching for Hillsboro Hops : RHP Jose Rodas
|
|
Pitching: RHP Jose Rodas
|
|
|
Batting: RHB Xavier Reeves
|
0-0: Foul Ball, location: 2F 0-1: Foul Ball, location: 2F 0-2: Ball 1-2: Ball 2-2: Ball 3-2: Foul Ball, location: 2F 3-2: Foul Ball, location: 2F 3-2: SINGLE (Line Drive, 7S, EV 85.0 MPH)
|
|
Batting: RHB Taffounnout Kame
|
0-0: Called Strike Xavier Reeves is caught stealing 2nd base 2-4 0-1: Swinging Strike 0-2: SINGLE (Line Drive, 8LS, EV 89.4 MPH)
|
|
Batting: SHB Ed Thorpe Jr.
|
0-0: Called Strike Taffounnout Kame steals 2nd base 0-1: Ground out 4-3 (Groundball, 4, EV 87.5 MPH) Taffounnout Kame to third
|
|
Batting: RHB Justin Davenport
|
0-0: Called Strike 0-1: Ball 1-1: Swinging Strike 1-2: Ball 2-2: Foul Ball, location: 2F 2-2: Strikes out swinging
|
| Top of the 1st over - 0 runs, 2 hits, 0 errors, 1 left on base; Auburn 0 - Hillsboro 0 |
| BOTTOM OF THE 1ST |
|
Hillsboro Hops batting - Pitching for Auburn Doubledays : RHP Greg Hall
|
|
Pitching: RHP Greg Hall
|
|
|
Batting: LHB Tommy King
|
0-0: Ball 1-0: Called Strike 1-1: Ball 2-1: Foul Ball, location: 2F 2-2: TRIPLE (Flyball, 9LD, EV 100.6 MPH)
|
|
Batting: RHB Daniel Rivera
|
0-0: TRIPLE (Line Drive, 89XD, EV 108.8 MPH) Tommy King scores
|
|
Batting: RHB Nikita Schram
|
0-0: Ball 1-0: Called Strike 1-1: Called Strike 1-2: Ball 2-2: Ball 3-2: Base on Balls
|
|
Batting: RHB Paul Healy
|
0-0: Ball Nikita Schram is caught stealing 2nd base 2-4 1-0: Ball 2-0: Foul Ball, location: 2F 2-1: Foul Ball, location: 2F 2-2: Reached on error, E1 (Groundball, 13S, EV 71.9 MPH) Daniel Rivera scores
|
|
Batting: RHB Terry Jarrells
|
0-0: Ball 1-0: Called Strike Paul Healy steals 2nd base 1-1: Foul Ball, location: 2F 1-2: SINGLE (Groundball, 56, EV 83.8 MPH) (infield hit) Paul Healy to third
|
|
Batting: RHB Cesar Rendon
|
0-0: Ball 1-0: Called Strike 1-1: Ball Terry Jarrells steals 2nd base 2-1: Fly out, F6 (Line Drive, 6, EV 67.5 MPH)
|
|
Batting: RHB Jonathan Underhill
|
0-0: Ball 1-0: Called Strike 1-1: Ground out 5-3 (Groundball, 56, EV 85.0 MPH)
|
| Bottom of the 1st over - 2 runs, 3 hits, 1 error, 2 left on base; Auburn 0 - Hillsboro 2 |
| TOP OF THE 2ND |
|
Auburn Doubledays batting - Pitching for Hillsboro Hops : RHP Jose Rodas
|
|
Batting: RHB Er Le
|
0-0: Ball 1-0: Ball 2-0: Swinging Strike 2-1: Swinging Strike 2-2: Strikes out swinging
|
|
Batting: RHB Lamar Thornton
|
0-0: Ball 1-0: Ball 2-0: Called Strike 2-1: Ball 3-1: Swinging Strike 3-2: DOUBLE (Line Drive, 3D, EV 100.6 MPH)
|
|
Batting: LHB Vince McLane
|
0-0: Called Strike 0-1: Called Strike 0-2: Foul Ball, location: 2F 0-2: Ball 1-2: Ground out 4-3 (Groundball, 4, EV 80.6 MPH) Lamar Thornton to third
|
|
Batting: LHB Adam Jacobs
|
0-0: DOUBLE (Line Drive, 9LM, EV 99.4 MPH) Lamar Thornton scores
|
|
Batting: RHB Scott Skoglund
|
0-0: Ball 1-0: Ball 2-0: Called Strike 2-1: Swinging Strike 2-2: DOUBLE (Line Drive, 9LM, EV 104.4 MPH) Adam Jacobs scores
|
|
Batting: RHB Xavier Reeves
|
0-0: Ball 1-0: Called Strike 1-1: Ball 2-1: Swinging Strike 2-2: Strikes out looking
|
| Top of the 2nd over - 2 runs, 3 hits, 0 errors, 1 left on base; Auburn 2 - Hillsboro 2 |
| BOTTOM OF THE 2ND |
|
Hillsboro Hops batting - Pitching for Auburn Doubledays : RHP Greg Hall
|
|
Batting: RHB Sean Tanner
|
0-0: Ball 1-0: Called Strike 1-1: Ball 2-1: Foul Ball, location: 2F 2-2: Foul Ball, location: 2F 2-2: Strikes out swinging
|
|
Batting: RHB Ryuki Ogasawara
|
0-0: Ground out 6-3 (Groundball, 6M, EV 91.9 MPH)
|
|
Batting: LHB Tommy King
|
0-0: Called Strike 0-1: Fly out, F9 (Line Drive, 9, EV 90.6 MPH)
|
| Bottom of the 2nd over - 0 runs, 0 hits, 0 errors, 0 left on base; Auburn 2 - Hillsboro 2 |
| TOP OF THE 3RD |
|
Auburn Doubledays batting - Pitching for Hillsboro Hops : RHP Jose Rodas
|
|
Batting: RHB Taffounnout Kame
|
0-0: Ball 1-0: SINGLE (Line Drive, 9S, EV 104.4 MPH)
|
|
Batting: SHB Ed Thorpe Jr.
|
0-0: Ball Taffounnout Kame steals 2nd base 1-0: Ball 2-0: Ball 3-0: Base on Balls
|
|
Batting: RHB Justin Davenport
|
0-0: Ball 1-0: Ball 2-0: Grounds into double play, 6-4-3 (Groundball, 6, EV 93.1 MPH) Taffounnout Kame to third
|
|
Batting: RHB Er Le
|
0-0: Ball 1-0: Ball 2-0: Ball 3-0: Base on Balls
|
|
Batting: RHB Lamar Thornton
|
0-0: Called Strike 0-1: Swinging Strike 0-2: Ball 1-2: Fly out, F9 (Line Drive, 9S, EV 90.6 MPH)
|
| Top of the 3rd over - 0 runs, 1 hit, 0 errors, 2 left on base; Auburn 2 - Hillsboro 2 |
| BOTTOM OF THE 3RD |
|
Hillsboro Hops batting - Pitching for Auburn Doubledays : RHP Greg Hall
|
|
Batting: RHB Daniel Rivera
|
0-0: Called Strike 0-1: Ball 1-1: DOUBLE (Flyball, 78XD, EV 106.9 MPH)
|
|
Batting: RHB Nikita Schram
|
0-0: Ball 1-0: Ball 2-0: Ball 3-0: Swinging Strike 3-1: Base on Balls
|
|
Batting: RHB Paul Healy
|
0-0: Swinging Strike 0-1: Foul Ball, location: 2F 0-2: Ball 1-2: Strikes out looking
|
|
Batting: RHB Terry Jarrells
|
0-0: Swinging Strike 0-1: Foul Ball, location: 2F 0-2: Foul Ball, location: 2F 0-2: Fly out, F4 (Line Drive, 4M, EV 69.4 MPH) Lined into DP, U4 (Line Drive, 4M, EV 71.2 MPH)
|
| Bottom of the 3rd over - 0 runs, 1 hit, 0 errors, 1 left on base; Auburn 2 - Hillsboro 2 |
| TOP OF THE 4TH |
|
Auburn Doubledays batting - Pitching for Hillsboro Hops : RHP Jose Rodas
|
|
Batting: LHB Vince McLane
|
0-0: Ball 1-0: Swinging Strike 1-1: Called Strike 1-2: Foul Ball, location: 2F 1-2: Ball 2-2: Foul Ball, location: 2F 2-2: TRIPLE (Line Drive, 89XD, EV 97.5 MPH)
|
|
Batting: LHB Adam Jacobs
|
0-0: Called Strike 0-1: Ball 1-1: Swinging Strike 1-2: Ball 2-2: Foul Ball, location: 2F 2-2: Ground out 5-3 (Groundball, 56S, EV 92.5 MPH) Vince McLane scores
|
|
Batting: RHB Scott Skoglund
|
0-0: Ball 1-0: Ball 2-0: Ball 3-0: Called Strike 3-1: Base on Balls
|
|
Batting: RHB Xavier Reeves
|
0-0: Ball 1-0: Swinging Strike 1-1: Foul Ball, location: 2F 1-2: Strikes out swinging
|
|
Batting: RHB Taffounnout Kame
|
0-0: Swinging Strike 0-1: Swinging Strike 0-2: Strikes out swinging
|
| Top of the 4th over - 1 run, 1 hit, 0 errors, 1 left on base; Auburn 3 - Hillsboro 2 |
| BOTTOM OF THE 4TH |
|
Hillsboro Hops batting - Pitching for Auburn Doubledays : RHP Greg Hall
|
|
Batting: RHB Cesar Rendon
|
0-0: Called Strike 0-1: Ball 1-1: Foul Ball, location: 2F 1-2: Fly out, F4 (Popup, 4, EV 58.1 MPH)
|
|
Batting: RHB Jonathan Underhill
|
0-0: Ball 1-0: Foul Ball, location: 2F 1-1: Ball 2-1: SINGLE (Line Drive, 8RS, EV 108.8 MPH)
|
|
Batting: RHB Sean Tanner
|
0-0: DOUBLE (Flyball, 89D, EV 100.6 MPH) Jonathan Underhill to third Runner from 3rd tries for Home, SAFE, throw by CF to home
|
|
Batting: RHB Ryuki Ogasawara
|
0-0: Ground out 4-3 (Groundball, 4, EV 95.0 MPH) Sean Tanner to third
|
|
Batting: LHB Tommy King
|
0-0: Foul Ball, location: 2F 0-1: Fly out, F7 (Flyball, 7, EV 76.9 MPH)
|
| Bottom of the 4th over - 1 run, 2 hits, 0 errors, 1 left on base; Auburn 3 - Hillsboro 3 |
| TOP OF THE 5TH |
|
Auburn Doubledays batting - Pitching for Hillsboro Hops : RHP Jose Rodas
|
|
Batting: SHB Ed Thorpe Jr.
|
0-0: Called Strike 0-1: Ball 1-1: Foul Ball, location: 2F 1-2: Ball 2-2: Strikes out looking
|
|
Batting: RHB Justin Davenport
|
0-0: Ball 1-0: Called Strike 1-1: Ball 2-1: SINGLE (Groundball, 56D, EV 105.0 MPH)
|
|
Pitching: RHP Nick Garland
|
|
|
Batting: RHB Er Le
|
0-0: Ball 1-0: Called Strike 1-1: Swinging Strike 1-2: Strikes out swinging
|
|
Batting: RHB Lamar Thornton
|
0-0: Ball 1-0: Ball 2-0: SINGLE (Groundball, 6MD, EV 95.6 MPH) Justin Davenport to second Runner from 2nd tries for 3rd, SAFE, throw by CF made to third
|
|
Batting: LHB Vince McLane
|
0-0: Ball 1-0: Called Strike 1-1: SINGLE (Flyball, 34D, EV 93.1 MPH) Justin Davenport scores Lamar Thornton to second
|
|
Batting: LHB Adam Jacobs
|
0-0: Called Strike 0-1: Called Strike 0-2: Ball 1-2: Foul Ball, location: 2F 1-2: Ball 2-2: Foul Ball, location: 2F 2-2: Strikes out looking
|
| Top of the 5th over - 1 run, 3 hits, 0 errors, 2 left on base; Auburn 4 - Hillsboro 3 |
| BOTTOM OF THE 5TH |
|
Hillsboro Hops batting - Pitching for Auburn Doubledays : RHP Greg Hall
|
|
Batting: RHB Daniel Rivera
|
0-0: TRIPLE (Flyball, 78XD, EV 100.0 MPH)
|
|
Batting: RHB Nikita Schram
|
0-0: SINGLE (Groundball, 5, EV 105.0 MPH) (infield hit) Daniel Rivera scores
|
|
Batting: RHB Paul Healy
|
0-0: Called Strike 0-1: Ball 1-1: Swinging Strike 1-2: Fly out, F9 (Flyball, 89S, EV 81.2 MPH)
|
|
Batting: RHB Terry Jarrells
|
0-0: Foul Ball, location: 2F 0-1: Swinging Strike 0-2: Ball Nikita Schram steals 2nd base (no throw) 1-2: Ball 2-2: Foul Ball, location: 2F 2-2: Ball 3-2: Base on Balls
|
|
Batting: RHB Cesar Rendon
|
0-0: Called Strike 0-1: Ball Nikita Schram steals 3rd base (no throw) 1-1: Fly out, F8 (Flyball, 8LD, EV 83.8 MPH) Runner from 3rd tags up, OUT at HOME! 8-2
|
| Bottom of the 5th over - 1 run, 2 hits, 0 errors, 1 left on base; Auburn 4 - Hillsboro 4 |
| TOP OF THE 6TH |
|
Auburn Doubledays batting - Pitching for Hillsboro Hops : RHP Nick Garland
|
|
Batting: RHB Scott Skoglund
|
0-0: Foul Ball, location: 2F 0-1: Fly out, F9 (Flyball, 9LM, EV 105.6 MPH)
|
|
Batting: RHB Xavier Reeves
|
0-0: Foul Ball, location: 2F 0-1: Foul Ball, location: 2F 0-2: Strikes out swinging
|
|
Batting: RHB Taffounnout Kame
|
0-0: Ball 1-0: Ball 2-0: Fly out, F8 (Line Drive, 8LM, EV 95.0 MPH)
|
| Top of the 6th over - 0 runs, 0 hits, 0 errors, 0 left on base; Auburn 4 - Hillsboro 4 |
| BOTTOM OF THE 6TH |
|
Hillsboro Hops batting - Pitching for Auburn Doubledays : RHP Greg Hall
|
|
Batting: RHB Jonathan Underhill
|
0-0: Called Strike 0-1: Ball 1-1: Ground out 4-3 (Groundball, 4, EV 78.8 MPH)
|
|
Batting: RHB Sean Tanner
|
0-0: Ball 1-0: Foul Ball, location: 2F 1-1: Foul Ball, location: 2F 1-2: Strikes out swinging
|
|
Batting: RHB Ryuki Ogasawara
|
0-0: Ball 1-0: Ball 2-0: Ground out 5-3 (Groundball, 25, EV 91.2 MPH)
|
| Bottom of the 6th over - 0 runs, 0 hits, 0 errors, 0 left on base; Auburn 4 - Hillsboro 4 |
| TOP OF THE 7TH |
|
Auburn Doubledays batting - Pitching for Hillsboro Hops : RHP Nick Garland
|
|
Batting: SHB Ed Thorpe Jr.
|
0-0: Ball 1-0: TRIPLE (Flyball, 78XD, EV 103.8 MPH)
|
|
Batting: RHB Justin Davenport
|
0-0: Swinging Strike 0-1: Ball 1-1: Fly out, F9 (Flyball, 9LS, EV 91.9 MPH)
|
|
Batting: RHB Er Le
|
0-0: Called Strike 0-1: Foul Ball, location: 2F 0-2: Foul Ball, location: 2F 0-2: TRIPLE (Line Drive, 89XD, EV 101.9 MPH) Ed Thorpe Jr. scores
|
|
Pitching: RHP Franklin Salazar
|
|
|
Batting: RHB Lamar Thornton
|
0-0: SINGLE (Line Drive, 56, EV 98.8 MPH) Er Le scores
|
|
Batting: LHB Vince McLane
|
0-0: Ball 1-0: Swinging Strike 1-1: Ball 2-1: Fly out, F6 (Line Drive, 6, EV 71.2 MPH)
|
|
Batting: LHB Adam Jacobs
|
0-0: Ball 1-0: Swinging Strike 1-1: Called Strike 1-2: Foul Ball, location: 2F 1-2: Ground out U3 (Groundball, 3S, EV 88.8 MPH)
|
| Top of the 7th over - 2 runs, 3 hits, 0 errors, 1 left on base; Auburn 6 - Hillsboro 4 |
| BOTTOM OF THE 7TH |
|
Hillsboro Hops batting - Pitching for Auburn Doubledays : RHP Greg Hall
|
|
Batting: LHB Tommy King
|
0-0: Ball 1-0: Foul Ball, location: 2F 1-1: Foul Ball, location: 2F 1-2: Ball 2-2: Fly out, F8 (Flyball, 8LXD, EV 68.8 MPH)
|
|
Batting: RHB Daniel Rivera
|
0-0: Fly out, F6 (Popup, 6M, EV 65.0 MPH)
|
|
Batting: RHB Nikita Schram
|
0-0: Called Strike 0-1: Foul Ball, location: 2F 0-2: Ball 1-2: Foul Ball, location: 2F 1-2: Foul Ball, location: 2F 1-2: SINGLE (Groundball, 5S, EV 70.6 MPH) (infield hit)
|
|
Pitching: RHP John Kovach
|
|
|
Batting: RHB Paul Healy
|
0-0: Ball Nikita Schram is caught stealing 2nd base 2-4
|
| Bottom of the 7th over - 0 runs, 1 hit, 0 errors, 0 left on base; Auburn 6 - Hillsboro 4 |
| TOP OF THE 8TH |
|
Auburn Doubledays batting - Pitching for Hillsboro Hops : RHP Franklin Salazar
|
|
Batting: RHB Scott Skoglund
|
0-0: Foul Ball, location: 2F 0-1: Foul Ball, location: 2F 0-2: Strikes out swinging
|
|
Batting: RHB Xavier Reeves
|
0-0: Foul Ball, location: 2F 0-1: Ball 1-1: Foul Ball, location: 2F 1-2: Ball 2-2: Fly out, F6 (Line Drive, 6, EV 69.4 MPH)
|
|
Batting: RHB Taffounnout Kame
|
0-0: Called Strike 0-1: Called Strike 0-2: Ball 1-2: SINGLE (Groundball, 6, EV 103.1 MPH)
|
|
Batting: SHB Ed Thorpe Jr.
|
0-0: Ball 1-0: Called Strike 1-1: TRIPLE (Flyball, 78XD, EV 113.1 MPH) Taffounnout Kame scores
|
|
Batting: RHB Justin Davenport
|
0-0: Foul Ball, location: 2F 0-1: Ball 1-1: Called Strike 1-2: Strikes out swinging
|
| Top of the 8th over - 1 run, 2 hits, 0 errors, 1 left on base; Auburn 7 - Hillsboro 4 |
| BOTTOM OF THE 8TH |
|
Hillsboro Hops batting - Pitching for Auburn Doubledays : RHP John Kovach
|
|
Batting: RHB Paul Healy
|
0-0: Ball 1-0: Foul Ball, location: 2F 1-1: Swinging Strike 1-2: Strikes out looking
|
|
Batting: RHB Terry Jarrells
|
0-0: Ball 1-0: Called Strike 1-1: Ground out 1-3 (Groundball, 13S, EV 65.0 MPH)
|
|
Batting: RHB Cesar Rendon
|
0-0: Ball 1-0: Foul Ball, location: 2F 1-1: Swinging Strike 1-2: DOUBLE (Flyball, 89D, EV 107.5 MPH)
|
|
Batting: RHB Jonathan Underhill
|
0-0: Ball 1-0: Ball 2-0: Fly out, F7 (Flyball, 78D, EV 93.8 MPH)
|
| Bottom of the 8th over - 0 runs, 1 hit, 0 errors, 1 left on base; Auburn 7 - Hillsboro 4 |
| TOP OF THE 9TH |
|
Auburn Doubledays batting - Pitching for Hillsboro Hops : RHP Franklin Salazar
|
|
Pitching: LHP Matt Bagnall
|
|
|
Batting: RHB Er Le
|
0-0: Ball 1-0: Ball 2-0: Called Strike 2-1: Fly out, F4 (Line Drive, 4, EV 65.6 MPH)
|
|
Batting: RHB Lamar Thornton
|
0-0: Ball 1-0: Ground out 5-3 (Groundball, 56, EV 85.0 MPH)
|
|
Batting: LHB Vince McLane
|
0-0: Swinging Strike 0-1: Ball 1-1: Ball 2-1: Ball 3-1: Foul Ball, location: 2F 3-2: Foul Ball, location: 2F 3-2: Base on Balls
|
|
Batting: LHB Adam Jacobs
|
0-0: Foul Ball, location: 2F 0-1: Ball 1-1: Foul Ball, location: 2F 1-2: Foul Ball, location: 2F 1-2: Ball 2-2: Fly out, F9 (Line Drive, 9S, EV 90.6 MPH)
|
| Top of the 9th over - 0 runs, 0 hits, 0 errors, 1 left on base; Auburn 7 - Hillsboro 4 |
| BOTTOM OF THE 9TH |
|
Hillsboro Hops batting - Pitching for Auburn Doubledays : RHP John Kovach
|
|
Batting: RHB Sean Tanner
|
0-0: Ball 1-0: Called Strike 1-1: Fly out, F4 (Line Drive, 4, EV 65.6 MPH)
|
|
Pinch Hitting: LHB Josh Thomas
|
0-0: Ground out 5-3 (Groundball, 6, EV 82.5 MPH)
|
|
Batting: LHB Tommy King
|
0-0: Called Strike 0-1: Foul Ball, location: 2F 0-2: Ball 1-2: Ball 2-2: Strikes out swinging
|
| Bottom of the 9th over - 0 runs, 0 hits, 0 errors, 0 left on base; Auburn 7 - Hillsboro 4 |
|